cohdb
Replays
Latest Replays
All Replays
Popular Replays
Top Player Replays
Match Explorer
How It Works
Community
CoH3 Stats
Reddit
Sign in to upload your games and track your stats! →
Sign in with Steam
Match 23816689
Unlisted
Match 23816689
Overview
Messages
Build Orders
End
Kradschützen Motorcycle Team
Panzergrenadier Squad
Selects Armored Support Battlegroup
Panzergrenadier Squad
Construct Light Support Kompanie
2.5-tonne Medical Truck
Construct Mechanized Kompanie
Veteran Squad Leaders
8 Rad Armored Car
Tungsten Core Ammunition
Selects Veteran Gunners
Selects Vehicle Awareness
Panzergrenadier Squad
Construct Panzerarmee Kommand
Selects Flammpanzer III Medium Tank Sd.Kfz. 141
2.5-tonne Medical Truck
Armored Reserves
Panzergrenadier Squad
Advanced Field Repairs
Panzer III L Medium Tank
Rapid Advance
Selects Battlefield Salvage
Walking Stuka Rocket Launcher
Selects Panzer Storm
Selects Stuka Anti-tank Loiter
Stuka Anti-tank Loiter
Flak 36 Anti-tank Gun Team
Flak 36 Anti-tank Gun Team
Support Armor Elements
Pepe87
Valieriumborn
hiljh
TSu_frakas
NoCommentary
有摆子
Seiun Sky
26 letters
0
0
Comments
sign in to comment!
No comments posted yet!